AoeStats
← Josmi-Ga'lock

Nomad

510004171Analyzed
3v3 RM · 5d ago on Sep 29, 2026· 28m 22s· 6 players
Game mode
Random Map
Map size
210×210
Population
200
Speed
Normal
Resources
Standard
Victory
Conquest
Starting age
Dark Age
Ending age
Imperial Age
RankedLock teamsTeams togetherTeam positionsShared explorationLock speedFull tech treeHidden civsTurbo modeCheats
Victory
Defeat
🇨🇦 Saxons · Canada
1016
+14
🇨🇳 Dravidians · China
1013
+14
🇵🇱 Huns · Poland
990
+15
🇧🇷 Italians · Brazil
1006
-15
🇻🇪 Danes · Venezuela
982
-15
🇦🇷 Saxons · Argentina
945
-13
wujiang
5:38 Loom
14:54 Feudal Age
15:02 Man-at-Arms
16:06 Double-Bit Axe
18:35 Fletching
20:05 Padded Archer Armor
22:09 Castle Age
23:04 Bodkin Arrow
23:25 Leather Archer Armor
24:23 Bow Saw
27:58 Scale Barding Armor
Alfmin
12:23 Loom
14:11 Feudal Age
14:15 Loom
14:56 Double-Bit Axe
15:13 Fishing Lines
17:26 Man-at-Arms
19:03 Gold Mining
19:45 Fletching
22:56 Castle Age
21:40 Padded Archer Armor
23:49 Crossbowman
24:49 Bodkin Arrow
25:28 Thumb Ring
26:35 Wheelbarrow
25:46 Town Watch
27:15 Guard Tower
Viking
5:39 Loom
19:10 Feudal Age
19:13 Man-at-Arms
22:55 Castle Age
Abyssus
5:57 Loom
16:34 Feudal Age
19:15 Stone Mining
21:33 Fishing Lines
24:49 Double-Bit Axe
29:53 Castle Age
30:04 Castle Age
Josmi-Ga'lock
4:27 Loom
17:21 Feudal Age
17:47 Double-Bit Axe
18:53 Town Watch
20:44 Fletching
22:14 Stone Mining
28:17 Castle Age
26:29 Gold Mining
ChronoMiner
3:57 Loom
17:27 Feudal Age
17:58 Horse Collar
18:05 Double-Bit Axe
26:31 Castle Age
27:28 Fletching
Connection lost

Rejoining the realm…

Still unreachable

The connection could not be restored.

Session expired

The server has moved on; the page needs a fresh start.